Map: Jagannatha LE

Players

Serral - Winner!

  • Race: Zerg Zerg

DnS

  • Race: Protoss Protoss

Event: DreamHack SC2 Masters 2021 Winter

VOD

Have the link to the VOD?

Description

Time

  • Played on: Sept. 29, 2021, 10:58 a.m.
  • Length: 3:01

All games in this series

Show
View Real Time Build Order
Export as new Build Order

Serral Zerg - Winner!

Build Orders: Pool First 

Get SALT Encoding   

  12  0:00  Drone  
  13  0:12  Overlord  
  13  0:17  Drone  
  14  0:30  Drone x2  
  16  0:41  Spawning Pool  
  15  0:44  Drone  
  16  0:56  Drone  
  17  1:10  Hatchery  
  16  1:14  Drone  
  16  1:17  Extractor  
  16  1:28  Zergling x6  
  19  1:35  Queen  
  21  1:42  Overlord  
  21  1:49  Drone  
  22  2:01  Drone  
  23  2:11  Drone, Queen  
  26  2:22  Drone x2  
  28  2:35  Drone  
  31  2:39  Drone  
  32  2:46  Drone x3  
Show
View Real Time Build Order
Export as new Build Order

DnS Protoss 

Build Orders: 1 Gate Expand 

Get SALT Encoding   

  12  0:00  Probe  
  13  0:12  Probe  
  14  0:20  Pylon  
  14  0:24  Probe  
  15  0:38  Probe (Chrono Boost)  
  16  0:44  Gateway  
  16  0:47  Probe (Chrono Boost)  
  17  0:52  Probe (Chrono Boost)  
  17  0:53  Assimilator  
  18  1:04  Probe  
  19  1:16  Probe  
  20  1:31  Cybernetics Core  
  20  1:36  Nexus  
  20  1:39  Probe  
  21  1:47  Pylon  
  21  1:52  Probe  
  22  1:55  Assimilator  
  22  2:04  Probe (Chrono Boost)  
  26  2:16  Probe (Chrono Boost)  
  26  2:21  Probe (Chrono Boost)  
  27  2:25  Pylon  
  25  2:38  Pylon  
  23  2:48  Probe  
  24  2:53  Pylon  

Tags
 
Add a new tag
Caveats
  • Supply blocks, unpowered buildings, or Contaminate may cause inaccurate times.
  • Supply counts are checked every 10 seconds.